AoeStats
← Dinolicious.

QS Arena

503659571Analyzed
1v1 RM · 1mo ago on Sep 1, 2026· 35m 46s· 2 players
Game mode
Random Map
Map size
Tiny (2 player)
Population
200
Speed
Normal
Resources
Standard
Victory
Conquest
Starting age
Dark Age
Ending age
Imperial Age
RankedLock teamsTeams togetherTeam positionsShared explorationLock speedFull tech treeHidden civsTurbo modeCheats
Victory
Defeat
🇨🇱 Mongols · Chile
1079
+15
🇩🇪 Khmer · Germany
1051
-15
Dinolicious.
0:31 Loom
8:40 Feudal Age
9:22 Double-Bit Axe
13:35 Castle Age
14:20 Wheelbarrow
18:40 Bow Saw
20:00 Horse Collar
21:34 Heavy Plow
21:30 Stone Mining
22:53 Wheelbarrow
22:04 Town Watch
22:54 Bloodlines
22:45 Husbandry
22:06 Light Cavalry
25:50 Town Patrol
25:46 Gold Mining
27:22 Hand Cart
26:52 Loom
31:08 Imperial Age
29:20 Ballistics
28:54 Fletching
29:13 Scale Barding Armor
29:19 Forging
29:54 Fletching
31:53 Tusk Swords
32:33 Chain Barding Armor
33:01 Conscription
32:51 Cavalier
34:31 Elite Skirmisher
35:33 Bodkin Arrow
35:39 Padded Archer Armor
36:15 Iron Casting
ta'
8:30 Feudal Age
12:49 Castle Age
15:35 Double-Bit Axe
16:44 Fletching
17:07 Bow Saw
16:59 Loom
23:54 Wheelbarrow
24:26 Horse Collar
27:31 Imperial Age
25:55 Bodkin Arrow
27:24 Loom
28:27 Horse Collar
29:51 Chemistry
29:46 Gold Mining
31:22 Ballistics
32:31 Bracer
Connection lost

Rejoining the realm…

Still unreachable

The connection could not be restored.

Session expired

The server has moved on; the page needs a fresh start.